AoeStats
← HAMADY

Pilgrims

507382074Analyzed
4v4 RM · 15d ago on Sep 18, 2026· 28m 29s· 8 players
Game mode
Random Map
Map size
Large (8 player)
Population
200
Speed
Normal
Resources
Standard
Victory
Conquest
Starting age
Dark Age
Ending age
Imperial Age
RankedLock teamsTeams togetherTeam positionsShared explorationLock speedFull tech treeHidden civsTurbo modeCheats
Victory
Defeat
🇲🇽 Ethiopians · Mexico
1509
+9
🇲🇽 Dravidians · Mexico
1418
+13
🇲🇽 Japanese · Mexico
1369
+15
🇦🇷 Spanish · Argentina
1138
+86
🇦🇺 Teutons · Australia
1350
-16
🇺🇸 Celts · United States
1349
-16
🇯🇵 Dravidians · Japan
1339
-15
🇨🇱 Spanish · Chile
1333
-15
IamBritt
9:53 Loom
11:39 Feudal Age
16:04 Castle Age
14:50 Horse Collar
17:10 Double-Bit Axe
18:00 Bow Saw
19:42 Heavy Plow
Gabito
10:06 Feudal Age
10:46 Double-Bit Axe
12:09 Loom
17:03 Castle Age
17:59 Horse Collar
20:04 Padded Archer Armor
20:35 Town Watch
22:02 Wheelbarrow
22:11 Wheelbarrow
22:00 Leather Archer Armor
22:15 Gold Mining
27:26 Bloodlines
28:04 Husbandry
HAMADY
8:25 Loom
10:48 Feudal Age
10:56 Man-at-Arms
14:39 Double-Bit Axe
14:36 Horse Collar
19:45 Wheelbarrow
JSJE
8:02 Loom
10:06 Feudal Age
11:49 Double-Bit Axe
17:28 Castle Age
18:01 Castle Age
17:47 Horse Collar
19:03 Medium Warships
22:04 Bow Saw
24:27 Scale Barding Armor
Peperra Jr
11:03 Feudal Age
11:12 Loom
11:33 Fishing Lines
11:49 Double-Bit Axe
16:22 Castle Age
15:36 Fletching
15:46 Padded Archer Armor
17:04 Squires
16:25 Crossbowman
17:21 Bow Saw
17:50 Wheelbarrow
17:15 Bodkin Arrow
17:35 Leather Archer Armor
20:45 Ballistics
21:34 Thumb Ring
24:10 Demolition Ship
24:41 Gillnets
26:34 Town Watch
28:04 Gold Mining
Joseguizada4654
4:46 Loom
11:06 Feudal Age
14:30 Castle Age
12:29 Double-Bit Axe
13:12 Gold Mining
14:13 Scale Barding Armor
15:55 Redemption
16:19 Sanctity
23:00 Chain Barding Armor
26:46 Inquisition
DarkSIde1405
9:22 Feudal Age
8:33 Loom
10:48 Fletching
22:41 Castle Age
21:12 Double-Bit Axe
23:50 Medium Warships
24:27 Wheelbarrow
24:02 Bodkin Arrow
25:49 Forging
26:41 Horse Collar
Osin Babosin
7:55 Loom
13:28 Feudal Age
13:45 Man-at-Arms
19:16 Wheelbarrow
19:39 Scale Mail Armor
22:00 Castle Age
20:34 Forging
21:58 Arson
22:04 Long Swordsman
22:45 Squires
23:08 Chain Mail Armor
26:34 Demolition Ship
Connection lost

Rejoining the realm…

Still unreachable

The connection could not be restored.

Session expired

The server has moved on; the page needs a fresh start.